PCL
REDWOOD CITY REDWOODS @ GRESHAM GOLD SOULS
08/21/2028
 
TOP OF THE 1ST
Redwood City Redwoods batting - Pitching for Gresham Gold Souls : RHP Manuel Fuentes
Pitching: RHP Manuel Fuentes
Batting: RHB Robert Downing 0-0: Foul Ball, location: 2F
0-1: Ball
1-1: Ball
2-1: TRIPLE (Flyball, 9D)
Batting: RHB Héctor Vázquez 0-0: Called Strike
0-1: Foul Ball, location: 2F
0-2: SINGLE (Line Drive, 56D)
Robert Downing scores
Batting: LHB Marcos Pérez 0-0: Called Strike
0-1: Ball
1-1: Foul Ball, location: 2F
1-2: Foul Ball, location: 2F
1-2: Fly out, F8 (Flyball, 8RD)
Batting: LHB Bill McCraney 0-0: Swinging Strike
0-1: Called Strike
0-2: Ball
1-2: Ball
Héctor Vázquez steals 2nd base
2-2: Strikes out swinging
Batting: RHB Richie Miller 0-0: DOUBLE (Line Drive, 7LM)
Héctor Vázquez scores
Batting: LHB Vicente Chávez 0-0: Called Strike
0-1: Ball
1-1: Fly out, F7 (Flyball, 7)
Top of the 1st over - 2 run(s), 3 hit(s), 0 error(s), 1 left on base; Redwood City 2 - Gresham 0
BOTTOM OF THE 1ST
Gresham Gold Souls batting - Pitching for Redwood City Redwoods : RHP Bill Peterson
Pitching: RHP Bill Peterson
Batting: RHB Jesús Gutiérrez 0-0: Foul Ball, location: 2F
0-1: DOUBLE (Line Drive, 78XD)
Batting: SHB Jesús Sosa 0-0: Ball
1-0: Ball
2-0: Called Strike
2-1: Ball
3-1: Called Strike
3-2: Base on Balls
Batting: LHB Chance Santry 0-0: Foul Ball, location: 2F
0-1: Ball
1-1: Ball
2-1: Ball
3-1: Fly out, F8 (Line Drive, 8LM)
Batting: LHB Millard Dye 0-0: Called Strike
0-1: Ball
1-1: Ball
2-1: Fly out, F5 (Line Drive, 56)
Batting: LHB Ezechiele Bruno 0-0: Swinging Strike
0-1: Ball
1-1: Ball
2-1: Called Strike
2-2: Foul Ball, location: 2F
2-2: Fly out, F8 (Flyball, 8RM)
Bottom of the 1st over - 0 run(s), 1 hit(s), 0 error(s), 2 left on base; Redwood City 2 - Gresham 0
TOP OF THE 2ND
Redwood City Redwoods batting - Pitching for Gresham Gold Souls : RHP Manuel Fuentes
Batting: LHB Marcos Vázquez 0-0: Ball
1-0: Foul Ball, location: 2F
1-1: Foul Ball, location: 2F
1-2: Foul Ball, location: 2F
1-2: SINGLE (Line Drive, 56)
Batting: RHB Javier Ortíz 0-0: Ball
1-0: Grounds into double play, 6-4-3 (Groundball, 6)
Batting: RHB David Strickland 0-0: Ball
1-0: Foul Ball, location: 2F
1-1: SOLO HOME RUN (Line Drive, 78XD), Distance : 410 ft
Batting: RHB Robert Downing 0-0: Ball
1-0: Ball
2-0: Ball
3-0: Called Strike
3-1: Foul Ball, location: 2F
3-2: DOUBLE (Line Drive, 8RD)
Batting: RHB Héctor Vázquez 0-0: Ball
1-0: Swinging Strike
1-1: Foul Ball, location: 2F
1-2: Ground out 6-3 (Groundball, 6)
Top of the 2nd over - 1 run(s), 3 hit(s), 0 error(s), 1 left on base; Redwood City 3 - Gresham 0
BOTTOM OF THE 2ND
Gresham Gold Souls batting - Pitching for Redwood City Redwoods : RHP Bill Peterson
Batting: RHB Willie Houk 0-0: Called Strike
0-1: Swinging Strike
0-2: Ball
1-2: Strikes out swinging
Batting: LHB Jeff Douglas 0-0: Swinging Strike
0-1: SINGLE (Groundball, 4M) (infield hit)
Batting: RHB Luke McIndoe 0-0: Foul Ball, location: 2F
0-1: Called Strike
0-2: Ball
1-2: Ball
2-2: Grounds into double play, 6-4-3 (Groundball, 6)
Bottom of the 2nd over - 0 run(s), 1 hit(s), 0 error(s), 0 left on base; Redwood City 3 - Gresham 0
TOP OF THE 3RD
Redwood City Redwoods batting - Pitching for Gresham Gold Souls : RHP Manuel Fuentes
Batting: LHB Marcos Pérez 0-0: SINGLE (Flyball, 78S)
Batting: LHB Bill McCraney 0-0: Foul Ball, location: 2F
0-1: Grounds into double play, 4-6-3 (Groundball, 34)
Batting: RHB Richie Miller 0-0: Called Strike
0-1: Ball
1-1: Called Strike
1-2: Foul Ball, location: 2F
1-2: Foul Ball, location: 2F
1-2: Ball
2-2: Foul Ball, location: 2F
2-2: Strikes out looking
Top of the 3rd over - 0 run(s), 1 hit(s), 0 error(s), 0 left on base; Redwood City 3 - Gresham 0
BOTTOM OF THE 3RD
Gresham Gold Souls batting - Pitching for Redwood City Redwoods : RHP Bill Peterson
Batting: SHB Sean Carr 0-0: Foul Ball, location: 2F
0-1: Ground out 3-1 (Groundball, 34)
Batting: RHB Jesús Gutiérrez 0-0: Foul Ball, location: 2F
0-1: SINGLE (Line Drive, 8LS)
Batting: SHB Jesús Sosa 0-0: Called Strike
0-1: Foul Ball, location: 2F
0-2: Ball
1-2: Ball
2-2: SINGLE (Flyball, 8RS)
Jesús Gutiérrez to second
Batting: LHB Chance Santry 0-0: Ball
1-0: Ball
2-0: Ball
3-0: Called Strike
3-1: Foul Ball, location: 2F
3-2: Foul Ball, location: 2F
3-2: Grounds into double play, 4-6-3 (Groundball, 4)
Bottom of the 3rd over - 0 run(s), 2 hit(s), 0 error(s), 1 left on base; Redwood City 3 - Gresham 0
TOP OF THE 4TH
Redwood City Redwoods batting - Pitching for Gresham Gold Souls : RHP Manuel Fuentes
Batting: LHB Vicente Chávez 0-0: Called Strike
0-1: Swinging Strike
0-2: Foul Ball, location: 2F
0-2: Strikes out swinging
Batting: LHB Marcos Vázquez 0-0: Swinging Strike
0-1: Ball
1-1: Foul Ball, location: 2F
1-2: Strikes out looking
Batting: RHB Javier Ortíz 0-0: Swinging Strike
0-1: Swinging Strike
0-2: Ball
1-2: Ball
2-2: Foul Ball, location: 2F
2-2: Foul Ball, location: 2F
2-2: Ball
3-2: Strikes out looking
Top of the 4th over - 0 run(s), 0 hit(s), 0 error(s), 0 left on base; Redwood City 3 - Gresham 0
BOTTOM OF THE 4TH
Gresham Gold Souls batting - Pitching for Redwood City Redwoods : RHP Bill Peterson
Batting: LHB Millard Dye 0-0: Ball
1-0: Foul Ball, location: 2F
1-1: Foul Ball, location: 2F
1-2: Strikes out swinging
Batting: LHB Ezechiele Bruno 0-0: Fly out, F8 (Flyball, 8LM)
Batting: RHB Willie Houk 0-0: Called Strike
0-1: Ball
1-1: Ball
2-1: Ball
3-1: Swinging Strike
3-2: Strikes out swinging
Bottom of the 4th over - 0 run(s), 0 hit(s), 0 error(s), 0 left on base; Redwood City 3 - Gresham 0
TOP OF THE 5TH
Redwood City Redwoods batting - Pitching for Gresham Gold Souls : RHP Manuel Fuentes
Batting: RHB David Strickland 0-0: Foul Ball, location: 2F
0-1: Ball
1-1: Foul Ball, location: 2F
1-2: Foul Ball, location: 2F
1-2: Strikes out looking
Batting: RHB Robert Downing 0-0: SINGLE (Line Drive, 9S)
Batting: RHB Héctor Vázquez 0-0: Ball
1-0: Ball
2-0: Called Strike
2-1: DOUBLE (Flyball, 78M)
Robert Downing to third
Batting: LHB Marcos Pérez 0-0: Called Strike
0-1: Called Strike
0-2: Strikes out swinging
Batting: LHB Bill McCraney 0-0: Ball
1-0: Ground out 3-1 (Groundball, 34S)
Top of the 5th over - 0 run(s), 2 hit(s), 0 error(s), 2 left on base; Redwood City 3 - Gresham 0
BOTTOM OF THE 5TH
Gresham Gold Souls batting - Pitching for Redwood City Redwoods : RHP Bill Peterson
Batting: LHB Jeff Douglas 0-0: Fly out, F8 (Flyball, 8RM)
Batting: RHB Luke McIndoe 0-0: Called Strike
0-1: Called Strike
0-2: Strikes out swinging
Batting: SHB Sean Carr 0-0: Ball
1-0: Foul Ball, location: 2F
1-1: Ball
2-1: Ground out 6-3 (Groundball, 6)
Bottom of the 5th over - 0 run(s), 0 hit(s), 0 error(s), 0 left on base; Redwood City 3 - Gresham 0
TOP OF THE 6TH
Redwood City Redwoods batting - Pitching for Gresham Gold Souls : RHP Manuel Fuentes
Batting: RHB Richie Miller 0-0: Ball
1-0: Ball
2-0: Called Strike
2-1: DOUBLE (Line Drive, 9LM)
Batting: LHB Vicente Chávez 0-0: Ball
1-0: Called Strike
1-1: Ball
2-1: Foul Ball, location: 2F
2-2: Strikes out swinging
Batting: LHB Marcos Vázquez 0-0: Called Strike
0-1: Foul Ball, location: 2F
0-2: Ball
1-2: Fly out, F8 (Flyball, 8LS)
Batting: RHB Javier Ortíz 0-0: Ball
1-0: 2-RUN HOME RUN (Flyball, 89XD), Distance : 437 ft
Batting: RHB David Strickland 0-0: Ball
1-0: Swinging Strike
1-1: Swinging Strike
1-2: Foul Ball, location: 2F
1-2: Foul Ball, location: 2F
1-2: Ball
2-2: Strikes out looking
Top of the 6th over - 2 run(s), 2 hit(s), 0 error(s), 0 left on base; Redwood City 5 - Gresham 0
BOTTOM OF THE 6TH
Gresham Gold Souls batting - Pitching for Redwood City Redwoods : RHP Bill Peterson
Batting: RHB Jesús Gutiérrez 0-0: Called Strike
0-1: Ball
1-1: Ball
2-1: Swinging Strike
2-2: Foul Ball, location: 2F
2-2: Ball
3-2: Ground out 6-3 (Groundball, 6)
Batting: SHB Jesús Sosa 0-0: Ball
1-0: Swinging Strike
1-1: Foul Ball, location: 2F
1-2: Strikes out swinging
Batting: LHB Chance Santry 0-0: DOUBLE (Flyball, 89XD)
Batting: LHB Millard Dye 0-0: Ball
1-0: Called Strike
1-1: Foul Ball, location: 2F
1-2: Foul Ball, location: 2F
1-2: Strikes out swinging
Bottom of the 6th over - 0 run(s), 1 hit(s), 0 error(s), 1 left on base; Redwood City 5 - Gresham 0
TOP OF THE 7TH
Redwood City Redwoods batting - Pitching for Gresham Gold Souls : RHP Manuel Fuentes
Pitching: RHP Jeff Hansen
Batting: RHB Robert Downing 0-0: Called Strike
0-1: Swinging Strike
0-2: Ball
1-2: Ball
2-2: Ball
3-2: Foul Ball, location: 2F
3-2: Strikes out looking
Batting: RHB Héctor Vázquez 0-0: SINGLE (Groundball, 4MD)
Batting: LHB Marcos Pérez 0-0: Ball
Héctor Vázquez is caught stealing 2nd base
1-0: Fly out, F7 (Flyball, 78M)
Top of the 7th over - 0 run(s), 1 hit(s), 0 error(s), 0 left on base; Redwood City 5 - Gresham 0
BOTTOM OF THE 7TH
Gresham Gold Souls batting - Pitching for Redwood City Redwoods : RHP Bill Peterson
Batting: LHB Ezechiele Bruno 0-0: Called Strike
0-1: Ball
1-1: Foul Ball, location: 2F
1-2: Ground out 5-3 (Groundball, 56S)
Batting: RHB Willie Houk 0-0: Called Strike
0-1: Swinging Strike
0-2: Strikes out swinging
Batting: LHB Jeff Douglas 0-0: Ball
1-0: Ball
2-0: Swinging Strike
2-1: Ball
3-1: Base on Balls
Batting: RHB Luke McIndoe 0-0: Ball
Jeff Douglas steals 2nd base
1-0: Swinging Strike
1-1: Ball
2-1: Ball
3-1: Base on Balls
Pitching: RHP Daniel Betteridge
Batting: SHB Sean Carr 0-0: Ball
1-0: Foul Ball, location: 2F
1-1: Ball
2-1: Ball
3-1: Called Strike
3-2: Base on Balls
Jeff Douglas to third
Luke McIndoe to second
Batting: RHB Jesús Gutiérrez 0-0: Foul Ball, location: 2F
0-1: Ball
1-1: Foul Ball, location: 2F
1-2: Fielders Choice at 2nd, 4-6 (Groundball, 4)
Bottom of the 7th over - 0 run(s), 0 hit(s), 0 error(s), 2 left on base; Redwood City 5 - Gresham 0
TOP OF THE 8TH
Redwood City Redwoods batting - Pitching for Gresham Gold Souls : RHP Jeff Hansen
Batting: LHB Bill McCraney 0-0: Ball
1-0: Swinging Strike
1-1: Ball
2-1: Ball
3-1: Called Strike
3-2: Strikes out swinging
Batting: RHB Richie Miller 0-0: Swinging Strike
0-1: Foul Ball, location: 2F
0-2: Foul Ball, location: 2F
0-2: Strikes out swinging
Batting: LHB Vicente Chávez 0-0: Called Strike
0-1: Ball
1-1: Foul Ball, location: 2F
1-2: Strikes out swinging
Top of the 8th over - 0 run(s), 0 hit(s), 0 error(s), 0 left on base; Redwood City 5 - Gresham 0
BOTTOM OF THE 8TH
Gresham Gold Souls batting - Pitching for Redwood City Redwoods : RHP Daniel Betteridge
Now at 1B: Carlos Gonzáles
Batting: SHB Jesús Sosa 0-0: Called Strike
0-1: Ball
1-1: Ball
2-1: Foul Ball, location: 2F
2-2: Ball
3-2: Foul Ball, location: 2F
3-2: Base on Balls
Batting: LHB Chance Santry 0-0: Ball
1-0: Called Strike
1-1: Ball
2-1: 2-RUN HOME RUN (Flyball, 9D), Distance : 387 ft
Pitching: RHP Fernando Valdés
Batting: LHB Millard Dye 0-0: SINGLE (Groundball, 34D)
Pitching: RHP Johnny Bryant
Batting: LHB Ezechiele Bruno 0-0: Fly out, F7 (Flyball, 7D)
Batting: RHB Willie Houk 0-0: Called Strike
0-1: Ball
1-1: Fly out, F6 (Line Drive, 6M)
Batting: LHB Jeff Douglas 0-0: Foul Ball, location: 2F
0-1: Ball
1-1: Swinging Strike
1-2: Foul Ball, location: 2F
1-2: Foul Ball, location: 2F
1-2: Ball
2-2: Foul Ball, location: 2F
2-2: Ball
3-2: Foul Ball, location: 2F
3-2: Strikes out swinging
Bottom of the 8th over - 2 run(s), 2 hit(s), 0 error(s), 1 left on base; Redwood City 5 - Gresham 2
TOP OF THE 9TH
Redwood City Redwoods batting - Pitching for Gresham Gold Souls : RHP Jeff Hansen
Batting: LHB Marcos Vázquez 0-0: Foul Ball, location: 2F
0-1: SINGLE (Groundball, 4D)
Batting: RHB Javier Ortíz 0-0: Ball
1-0: Called Strike
1-1: Ball
Marcos Vázquez steals 2nd base
2-1: Intentional Walk
Batting: RHB David Strickland 0-0: Ball
1-0: Ball
2-0: Ball
3-0: Called Strike
3-1: Swinging Strike
3-2: Foul Ball, location: 2F
3-2: Base on Balls
Marcos Vázquez to third
Javier Ortíz to second
Pinch Hitting: LHB Richard Olvera 0-0: Swinging Strike
0-1: Ball
1-1: Swinging Strike
1-2: Strikes out swinging
Batting: RHB Héctor Vázquez 0-0: Ball
1-0: Foul Ball, location: 2F
1-1: SINGLE (Groundball, 56D)
Marcos Vázquez scores
Javier Ortíz to third
David Strickland to second
Runner from 3rd tries for Home, throw and OUT!
David Strickland to third
Héctor Vázquez to second
Batting: LHB Marcos Pérez 0-0: Called Strike
0-1: Ball
1-1: Foul Ball, location: 2F
1-2: Fly out, F4 (Line Drive, 34)
Top of the 9th over - 1 run(s), 2 hit(s), 0 error(s), 2 left on base; Redwood City 6 - Gresham 2
BOTTOM OF THE 9TH
Gresham Gold Souls batting - Pitching for Redwood City Redwoods : RHP Johnny Bryant
Now at 2B: Ken Smith
Batting: RHB Luke McIndoe 0-0: Ball
1-0: Ball
2-0: Ball
3-0: Base on Balls
Batting: SHB Sean Carr 0-0: SINGLE (Line Drive, 8LS)
Luke McIndoe to second
Pitching: LHP Henny van der Lack
Batting: RHB Jesús Gutiérrez 0-0: Ball
1-0: Foul Ball, location: 2F
1-1: Ball
2-1: Foul Ball, location: 2F
2-2: Foul Ball, location: 2F
2-2: Foul Ball, location: 2F
2-2: Ball
3-2: Foul Ball, location: 2F
3-2: Base on Balls
Luke McIndoe to third
Sean Carr to second
Pinch Hitting: RHB Matt Davidson 0-0: Ball
1-0: Ball
2-0: Foul Ball, location: 2F
2-1: Ball
3-1: Base on Balls
Luke McIndoe scores
Sean Carr to third
Jesús Gutiérrez to second
Batting: LHB Chance Santry 0-0: Ball
1-0: Swinging Strike
1-1: Foul Ball, location: 2F
1-2: Ball
2-2: Fly out, F6 (Popup, 4MS)
Pinch Hitting: RHB Jim Villiers 0-0: Swinging Strike
0-1: Swinging Strike
0-2: Ball
1-2: SINGLE (Line Drive, 78S)
Sean Carr scores
Jesús Gutiérrez to third
Matt Davidson to second
Pinch Hitting: SHB Todd Smith 0-0: Ball
1-0: Ball
2-0: Foul Ball, location: 2F
2-1: Called Strike
2-2: Strikes out swinging
Batting: RHB Willie Houk 0-0: Called Strike
0-1: Ball
1-1: Ball
2-1: Ball
3-1: Base on Balls
Jesús Gutiérrez scores
Matt Davidson to third
Jim Villiers to second
Pinch Hitting: LHB Bill Smith 0-0: Ball
1-0: SINGLE (Groundball, 4MD)
Matt Davidson scores
Jim Villiers to third
Willie Houk to second
Runner from 3rd tries for Home, throw and OUT!
Bottom of the 9th over - 4 run(s), 3 hit(s), 0 error(s), 2 left on base; Redwood City 6 - Gresham 6
TOP OF THE 10TH
Redwood City Redwoods batting - Pitching for Gresham Gold Souls : RHP Jeff Hansen
Pitching: RHP León Trevino
Now at 1B: Matt Davidson
Now in LF: Anthony Wells
Now in CF: Jim Villiers
Now in RF: Bill Smith
Batting: LHB Bill McCraney 0-0: Ball
1-0: Called Strike
1-1: Ball
2-1: Ball
3-1: Ground out 4-3 (Groundball, 4)
Batting: RHB Richie Miller 0-0: Called Strike
0-1: Swinging Strike
0-2: Ball
1-2: Ground out 4-3 (Groundball, 4)
Pinch Hitting: LHB Dave Lee 0-0: Ball
1-0: Foul Ball, location: 2F
1-1: Foul Ball, location: 2F
1-2: Ball
2-2: Ball
3-2: Strikes out swinging
Top of the 10th over - 0 run(s), 0 hit(s), 0 error(s), 0 left on base; Redwood City 6 - Gresham 6
BOTTOM OF THE 10TH
Gresham Gold Souls batting - Pitching for Redwood City Redwoods : LHP Henny van der Lack
Now in RF: Dave Lee
Batting: RHB Luke McIndoe 0-0: Ball
1-0: Ball
2-0: Swinging Strike
2-1: Ball
3-1: Base on Balls
Pinch Runner at 1st Jermaine Carter:
Pinch Hitting: SHB Francis Shaffer 0-0: Sac Bunt - play at first, batter OUT! 5-4
Jermaine Carter to second
Batting: RHB Jesús Gutiérrez 0-0: Ball
Jermaine Carter is caught stealing 3rd base
1-0: Foul Ball, location: 2F
1-1: SINGLE (Line Drive, 78S)
Batting: RHB Matt Davidson 0-0: Called Strike
0-1: Fielders Choice at 2nd, 4-6 (Groundball, 4)
Bottom of the 10th over - 0 run(s), 1 hit(s), 0 error(s), 0 left on base; Redwood City 6 - Gresham 6
TOP OF THE 11TH
Redwood City Redwoods batting - Pitching for Gresham Gold Souls : RHP León Trevino
Now at C: Jack Snyder
Now at 2B: Augusto Baiano
Batting: LHB Marcos Vázquez 0-0: Fly out, F7 (Flyball, 78M)
Batting: RHB Javier Ortíz 0-0: Fly out, F3 (Popup, 3L)
Pinch Hitting: RHB Bob Campbell 0-0: Called Strike
0-1: Ball
1-1: Foul Ball, location: 2F
1-2: Strikes out swinging
Top of the 11th over - 0 run(s), 0 hit(s), 0 error(s), 0 left on base; Redwood City 6 - Gresham 6
BOTTOM OF THE 11TH
Gresham Gold Souls batting - Pitching for Redwood City Redwoods : LHP Henny van der Lack
Now in RF: Bob Campbell
Batting: LHB Chance Santry 0-0: Ball
1-0: Swinging Strike
1-1: Ball
2-1: Ground out 5-3 (Groundball, 5)
Pitching: RHP Gil Paling
Batting: RHB Jim Villiers 0-0: Ball
1-0: Foul Ball, location: 2F
1-1: SINGLE (Groundball, 56D)
Pinch Hitting: LHB Jeff McKinney 0-0: Ball
1-0: Swinging Strike
1-1: Ball
Jim Villiers steals 2nd base
2-1: Foul Ball, location: 2F
2-2: Strikes out looking
Batting: RHB Willie Houk 0-0: Called Strike
0-1: Foul Ball, location: 2F
0-2: Ball
1-2: Foul Ball, location: 2F
1-2: Ball
2-2: Ball
3-2: Foul Ball, location: 2F
3-2: Base on Balls
Batting: LHB Bill Smith 0-0: Called Strike
0-1: Called Strike
0-2: Ball
1-2: Strikes out swinging
Bottom of the 11th over - 0 run(s), 1 hit(s), 0 error(s), 2 left on base; Redwood City 6 - Gresham 6
TOP OF THE 12TH
Redwood City Redwoods batting - Pitching for Gresham Gold Souls : RHP León Trevino
Pitching: RHP Isaac Coleman
Now in LF: Jeff McKinney
Batting: LHB Ken Smith 0-0: Foul Ball, location: 2F
0-1: Ball
1-1: Fly out, F7 (Flyball, 7S)
Batting: RHB Héctor Vázquez 0-0: Called Strike
0-1: Ground out 1-3 (Groundball, 13)
Batting: LHB Marcos Pérez 0-0: Ball
1-0: Swinging Strike
1-1: Called Strike
1-2: Fly out, F7 (Flyball, 78M)
Top of the 12th over - 0 run(s), 0 hit(s), 0 error(s), 0 left on base; Redwood City 6 - Gresham 6
BOTTOM OF THE 12TH
Gresham Gold Souls batting - Pitching for Redwood City Redwoods : RHP Gil Paling
Batting: RHB Jack Snyder 0-0: Called Strike
0-1: Swinging Strike
0-2: Strikes out swinging
Batting: RHB Augusto Baiano 0-0: Called Strike
0-1: Foul Ball, location: 2F
0-2: Ball
1-2: Foul Ball, location: 2F
1-2: Ball
2-2: SINGLE (Groundball, 23) (infield hit)
Batting: RHB Jesús Gutiérrez 0-0: Fielders Choice at 2nd, 4-6 (Groundball, 4)
Batting: RHB Matt Davidson 0-0: Ball
1-0: Foul Ball, location: 2F
1-1: Swinging Strike
1-2: Foul Ball, location: 2F
1-2: Ball
2-2: Strikes out looking
Bottom of the 12th over - 0 run(s), 1 hit(s), 0 error(s), 1 left on base; Redwood City 6 - Gresham 6
TOP OF THE 13TH
Redwood City Redwoods batting - Pitching for Gresham Gold Souls : RHP Isaac Coleman
Batting: LHB Bill McCraney 0-0: Swinging Strike
0-1: Ground out U3 (Groundball, 3)
Batting: RHB Richie Miller 0-0: Ball
1-0: Swinging Strike
1-1: Ball
2-1: Called Strike
2-2: Foul Ball, location: 2F
2-2: Ball
3-2: Foul Ball, location: 2F
3-2: Strikes out looking
Batting: LHB Dave Lee 0-0: Ball
1-0: Called Strike
1-1: Ground out 3-1 (Groundball, 34)
Top of the 13th over - 0 run(s), 0 hit(s), 0 error(s), 0 left on base; Redwood City 6 - Gresham 6
BOTTOM OF THE 13TH
Gresham Gold Souls batting - Pitching for Redwood City Redwoods : RHP Gil Paling
Pitching: RHP Domingo Franco
Batting: LHB Chance Santry 0-0: Ball
1-0: Ball
2-0: Foul Ball, location: 2F
2-1: Ball
3-1: Reached on error, E6 (Groundball, 6)
Batting: RHB Jim Villiers 0-0: Called Strike
0-1: Called Strike
0-2: Foul Ball, location: 2F
0-2: Ball
1-2: Strikes out swinging
Batting: LHB Jeff McKinney 0-0: Foul Ball, location: 2F
0-1: TRIPLE (Flyball, 78M)
Chance Santry scores
Tuesday, August 8th, 2017 - OOTP Baseball 17.12 Build 75